 Seeded DCSS version 0.30-a0-737-gf23d94013f (webtiles) character file.

Game seed: 20230201 (custom seed)

596 Orangeyouglad the Grave Robber (level 7, 0/46 HPs)
             Began as a Human Wanderer on Feb 1, 2023.
             Was an Initiate of Dithmenos.
             Killed by nerve-wracking pain
             ... invoked by Menkaure
              (12 damage)
             ... on level 4 of the Dungeon on Feb 2, 2023.
             The game lasted 00:21:40 (6075 turns).

Orangeyouglad the Grave Robber (Human Wanderer)     Turns: 6075, Time: 00:21:40

Health: 0/46       AC:  7    Str: 11    XL:     7   Next: 67%
Magic:  11/11      EV: 12    Int: 16    God:    Dithmenos [......]
Gold:   191        SH: 10    Dex: 12    Spells: 3/12 levels left

rFire   . . .      SeeInvis .    f - +0 rapier
rCold   . . .      Faith    .    d - +0 buckler
rNeg    . . .      Spirit   .    c - +0 robe
rPois   .          Reflect  +    o - +2 helmet
rElec   .          Harm     .    l - +0 cloak
rCorr   .          Rampage  .    (no gloves)
Will    .....                    p - +0 pair of boots
Stlth   +                        j - amulet of reflection
HPRegen 0.27/turn                s - ring of flight
MPRegen 0.12/turn                (no ring)

@: about to teleport, flying
A: no striking features
a: Renounce Religion


You were on level 4 of the Dungeon.
You worshipped Dithmenos.
Dithmenos was noncommittal.
You visited 2 branches of the dungeon, and saw 6 of its levels.
You also visited: Sewer.

You collected 191 gold pieces.

Inventory:

Hand Weapons
 f - a +0 rapier (weapon)
Missiles
 t - 4 poisoned darts
Armour
 c - a +0 robe (worn)
 d - a +0 buckler (worn)
 l - a +0 cloak (worn)
 o - a +2 helmet (worn)
 p - a +0 pair of boots (worn)
Jewellery
 j - an amulet of reflection (around neck)
 m - an amulet of faith
 s - a ring of flight (left hand)
Wands
 b - a wand of roots (3)
Scrolls
 e - a scroll of vulnerability
 g - 3 scrolls of silence
 i - a scroll of teleportation
 k - a scroll of noise {unknown}
 n - a scroll of enchant weapon {unknown}
Potions
 a - 2 potions of cancellation
 h - 2 potions of mutation
 q - a potion of flight {unknown}
 u - a potion of curing
 v - a potion of lignification {unknown}
 w - a potion of might {unknown}
 x - a potion of brilliance {unknown}


   Skills:
 - Level 1.0 Throwing
 - Level 1.0 Armour
 + Level 3.6 Dodging
 + Level 3.9 Shields
 - Level 3.1 Spellcasting
 - Level 1.0 Conjurations
 + Level 4.8 Necromancy
 + Level 2.2 Poison Magic
 - Level 1.0 Evocations


You had 3 spell levels left.
You knew the following spells:

 Your Spells              Type           Power      Damage    Failure   Level
a - Necrotise             Necr           72%        1d7       3%          1
b - Cigotuvi's Dreadful   Necr/Pois/Air  20%        N/A       14%         2
c - Animate Dead          Necr           18%        N/A       32%         4
d - Poisonous Vapours     Pois/Air       12%        N/A       22%         2

Your spell library contained the following spells:

 Spells                   Type           Power      Damage    Failure   Level
 Foxfire                  Conj/Fire      16%        2x1d4     19%         1
 Mephitic Cloud           Conj/Pois/Air  6%         N/A       41%         3
 Dazzling Flash           Conj/Hex       8%         N/A       50%         3
 Dispel Undead            Necr           18%        3d11      32%         4
 Iskenderun's Battlesphe  Conj           5%         2d6       99%         5
 Iron Shot                Conj/Erth      2%         9d2       100%        6
 Spellforged Servitor     Conj/Summ      2%         N/A       100%        7


Dungeon Overview and Level Annotations

Branches:
Dungeon (5/15)             Temple (1/1) D:4           Sewer (visited)

Altars:
Cheibriados
Dithmenos
Elyvilon
Fedhas
Gozag
Hepliaklqana
Kikubaaqudgha
Makhleb
Nemelex Xobeh
Okawaru
Qazlal
Ru
Uskayaw
Vehumet
Wu Jian
Xom
Yredelemnul
Zin
The Shining One

Annotations:
D:4 3 runed translucent doors, Menkaure; Natasha; flotson's ghost, weakling DsDe


Message History

You hit the hound.
You kill the hound!
Dithmenos accepts your kill.
Your life force feels restored.
You see here a hound corpse.
You start resting.
Magic restored.
You start resting.
HP restored.
There is an open door here.
There is an open door here.
Natasha, Servant of Life and Death comes into view.
Natasha moves out of view.
Okay, then.
As you read the scroll of identify, it crumbles to dust.
h - 2 potions of mutation
There is a staircase to the Ecumenical Temple here.
You see here a +0 robe.
You reach down and close the door.
There is an open door here.
Menkaure is nearby!
There is an open door here.
You reach down and close the door.
Menkaure mumbles some strange words.
Menkaure seems to speed up.
You see here a +0 club.
There is an open door here.
You reach down and close the door.
Menkaure gestures at you while chanting.
Pain shoots through your body!
Menkaure calls on the powers of darkness!
Your body is wracked with pain!
Menkaure calls on the powers of darkness!
Your body is wracked with pain!
* * * LOW HITPOINT WARNING * * *
As you read the scroll of teleportation, it crumbles to dust.
You feel strangely unstable. Menkaure casts a spell at you.
Pain shoots through your body!
You die...

#.....#####....#...##########..
#..............#....#..........
#..............#....#........#.
#..............#....#..........
#...8########..#...##..##...#.#
#....#... #..#...##..##......
#....#..# #..#...).......#.⌠.
#....#..# #..#.........#.....
#....#o.# #.@##+####.#...⌠.>.
#....#o#. #.....M......#.....
#....+o#. #..............#.⌠.
#....+.#. #..................
#....+.#. #..........[....#.#
#....#.#. #.......######'....
#....#oo# #.......+......#.#.
#....#o.# #.......#......#...
#....#oo# #..#+####......#...


You could see Menkaure (fast).

Vanquished Creatures
  A water moccasin (Sewer)
  2 scorpions
  2 hounds (D:4)
  An iguana (D:4)
  An orc wizard (D:4)
  Ijyb (D:4)
  Natasha (twice) (D:4)
  Robin (D:4)
  2 gnolls (D:5)
  3 adders
  A white imp (D:4)
  3 worms (D:3)
  2 dart slugs
  7 orcs
  5 ball pythons
  6 endoplasms
  5 giant cockroaches
  12 goblins
  5 hobgoblins
  4 jackals
  3 quokkas
  5 bats
  4 frilled lizards
  9 kobolds
  7 rats
94 creatures vanquished.

Vanquished Creatures (collateral kills)
  A river rat (D:3)
  2 orcs
  A ball python (D:2)
  2 endoplasms
  A goblin (D:3)
  A hobgoblin (D:2)
  A jackal (D:3)
  A frilled lizard (D:1)
10 creatures vanquished.

Grand Total: 104 creatures vanquished

Notes
Turn   | Place    | Note
-------+----------+-------------------------------------------
     0 | D:1      | Orangeyouglad the Human Wanderer began the quest for the
                  | Orb.
     0 | D:1      | Orangeyouglad set off with the following items: a +0
                  | dagger, a potion of heal wounds, a +0 robe, a +0 buckler;
                  | and the following spells available to memorise: Necrotise,
                  | Foxfire, Dazzling Flash, Animate Dead, Dispel Undead.
     0 | D:1      | Reached XP level 1. HP: 13/13 MP: 3/3
     6 | D:1      | Learned a level 1 spell: Necrotise
   302 | D:1      | Reached XP level 2. HP: 18/19 MP: 5/5
   823 | D:1      | Reached skill level 1 in Dodging
  1051 | D:1      | Reached XP level 3. HP: 23/24 MP: 3/6
  1305 | D:2      | Reached XP level 4. HP: 16/30 MP: 1/7
  1729 | D:2      | Learned a level 2 spell: Cigotuvi's Dreadful Rot
  1734 | D:2      | Learned a level 4 spell: Animate Dead
  1925 | D:3      | Found a glowing silver altar of Zin.
  2331 | D:3      | Reached XP level 5. HP: 12/35 MP: 0/9
  2369 | D:3      | Found a glowing drain.
  2376 | Sewer    | Entered a sewer
  2494 | Sewer    | Noticed a water moccasin
  2527 | Sewer    | Killed a water moccasin
  2528 | Sewer    | Reached skill level 4 in Necromancy
  2528 | Sewer    | Reached XP level 6. HP: 4/41 MP: 1/10
  3391 | D:4      | Found a staircase to the Ecumenical Temple.
  3620 | D:4      | Learned a level 2 spell: Poisonous Vapours
  3687 | D:4      | Reached skill level 1 in Poison Magic
  3780 | D:4      | Found a runed translucent gate.
  3780 | D:4      | Noticed flotson's ghost (weakling DsDe)
  3781 | D:4      | Found a runed translucent gate.
  3782 | D:4      | Found a runed translucent gate.
  3932 | D:4      | Noticed Ijyb
  3946 | D:4      | Killed Ijyb
  4192 | D:4      | Noticed Natasha
  4203 | D:4      | Killed Natasha
  4204 | D:4      | Reached XP level 7. HP: 44/46 MP: 3/11
  4388 | D:4      | Noticed Natasha
  4394 | D:4      | Killed Natasha
  4553 | D:4      | Noticed Robin
  4912 | D:4      | Noticed Menkaure
  5131 | D:4      | Killed Robin
  5358 | Temple   | Entered the Ecumenical Temple
  5651 | Temple   | Became a worshipper of Dithmenos the Shadowed
  5765 | D:5      | Entered Level 5 of the Dungeon
  6030 | D:4      | Noticed Natasha
  6075 | D:4      | Killed from afar by Menkaure

Illustrated notes

Levels and vault maps discovered:
D:1:      minmay_arrival_hallway, layout_basic, serial_bayou_crossing
D:2:      layout_basic
D:3:      layout_loops_ring, zin_treasury, serial_rivers,
          chequers_serial_rivers_micro_c, chequers_serial_rivers_small_3,
          chequers_serial_rivers_large_b, chequers_serial_rivers_micro_d,
          gup_sewer_entry_bubbles
D:4:      layout_gridville, minmay_temple_entry_sparse_star,
          biasface_ghost_orc_armoury, hangedman_abyss_or_decor_slice,
          uniq_menkaure, uniq_robin, uniq_natasha, uniq_ijyb
D:5:      layout_basic, minmay_pentangle
Temple:   dpeg_five_rooms_temple

Skill      XL: |  1  2  3  4  5  6  7 |
---------------+----------------------+-----
Dodging        | 1 2 3 |  3.6
Shields        | 2 3 |  3.9
Spellcasting   | 3 |  3.1
Necromancy     | 4 |  4.8
Poison Magic   | 1 2 |  2.2
Throwing       | |  1.0
Armour         | |  1.0
Conjurations   | |  1.0
Evocations     | |  1.0

Action                     |  1- 3 |  4- 6 |  7- 9 || total
---------------------------+-------+-------+-------++-------
  Melee: Dagger            |    10 |       |       ||    10
         Rapier            |    48 |   125 |    62 ||   235
   Cast: Necrotise         |    34 |    76 |    14 ||   124
         Cigotuvi's Dreadf |       |     1 |     1 ||     2
         Poisonous Vapours |       |    16 |    22 ||    38
    Use: Scroll            |       |     3 |     3 ||     6
         Potion            |       |     5 |       ||     5
   Stab: Sleeping          |       |     1 |       ||     1
 Armour: Robe              |    12 |    43 |    20 ||    75
  Dodge: Dodged            |    55 |   109 |    59 ||   223
  Block: Buckler           |    19 |   117 |    62 ||   198
         Reflection        |       |     2 |     3 ||     5

Table legend: (Time is in decaauts)
 A = Elapsed time spent in this place.
 B = Non-inter-level travel time spent in this place.
 C = Inter-level travel time spent in this place.
 D = Time resting spent in this place.
 E = Time spent auto-exploring this place.
 F = Levels seen in this place.
 G = Mean time per level.
                   A        B        C        D        E       F      G
               +--------+--------+--------+--------+--------+-----+--------+
         Total |   6223 |   5931 |    292 |    904 |   3248 |   7 |  889.0 |
       Dungeon |   5503 |   5262 |    241 |    688 |   3049 |   5 | 1100.6 |
        Temple |    344 |    293 |     51 |      0 |    199 |   1 |  344.0 |
         Sewer |    375 |    375 |      0 |    216 |      0 |   1 |  375.0 |
               +--------+--------+--------+--------+--------+-----+--------+

Top non-repeatable levels by time:
     D:4: 2043 daAuts
     D:3: 1402 daAuts
     D:1: 1132 daAuts
     D:2: 813 daAuts
   Sewer: 375 daAuts
  Temple: 344 daAuts
     D:5: 110 daAuts
